 Dungeon Crawl Stone Soup version 0.19-a0-1097-g38e3b35 (webtiles) character file.

32 epen the Conjurer (level 3, -2/27 HPs)
             Began as a Draconian Conjurer on Aug 8, 2016.
             Killed from afar by a dart slug (4 damage)
             ... with a slug dart
             ... on level 2 of the Dungeon.
             The game lasted 00:02:36 (1414 turns).

epen the Conjurer (Draconian Conjurer)              Turns: 1414, Time: 00:02:37

Health: -2/27      AC:  5    Str: 12    XL:     3   Next: 8%
Magic:  4/6        EV: 12    Int: 16    God:
Gold:   48         SH:  0    Dex: 11    Spells: 2 memorised, 3 levels left

rFire  . . .     SeeInvis .     g - +0 dagger
rCold  . . .     Gourm    .     (armour unavailable)
rNeg   . . .     Faith    .     (no shield)
rPois  .         Spirit   .     (helmet restricted)
rElec  .         Dismiss  .     (no cloak)
rCorr  .         Reflect  .     (no gloves)
SustAt .         Harm     .     (no boots)
MR     .....                    (no amulet)
Stlth  ++........               (no ring)
                                (no ring)

@:
A: unfitting armour, sense surroundings 1, slow regeneration 1, strong 1,
cold-blooded, AC +5
a: no special abilities


You were on level 2 of the Dungeon.
You were not hungry.

You visited 1 branch of the dungeon, and saw 2 of its levels.

You collected 48 gold pieces.

Inventory:

Hand Weapons
 g - a +0 dagger (weapon)
Scrolls
 c - a scroll of enchant weapon {unknown}
 d - 2 scrolls of identify {unknown}
 e - a scroll of recharging {unknown}
 f - a scroll of blinking {unknown}
 j - 3 scrolls of magic mapping {unknown}
 l - a scroll of fear {unknown}
 m - 2 scrolls of teleportation {unknown}
Books
 a - a book of Conjurations

   Spells                             Type                      Level
   a - Magic Dart                     Conjuration                  1
   b - Searing Ray                    Conjuration                  2
   c - Dazzling Spray                 Conjuration/Hexes            3
   d - Fulminant Prism                Conjuration/Hexes            4
   e - Iskenderun's Mystic Blast      Conjuration                  4
   f - Iskenderun's Battlesphere      Conjuration/Charms           5
Comestibles
 b - a bread ration
 i - 2 chunks of flesh


   Skills:
 + Level 0.9 Fighting
 + Level 2.0 Dodging
 - Level 1.7 Stealth
 * Level 2.5 Spellcasting
 * Level 4.4 Conjurations


You had 3 spell levels left.
You knew the following spells:

 Your Spells              Type           Power        Failure   Level  Hunger
a - Magic Dart            Conj           ###.         3%          1    #......
c - Dazzling Spray        Conj/Hex       #.....       28%         3    ###....


Dungeon Overview and Level Annotations

Branches:
Dungeon (2/15)

Altars:

Annotations:
D:2 Jessica


Innate Abilities, Weirdness & Mutations

Your plain brown scales are hard. (AC +5)
Your body does not fit into most forms of armour.
You are cold-blooded and may be slowed by cold attacks.
You passively map a small area around you.
You regenerate slowly when monsters are visible.
Your muscles are strong. (Str +2)


Message History

Your natural regeneration is weakened.
You feel stronger.
You feel a strange attunement to the structure of the dungeons.
Okay, then.
It was a potion of invisibility.
You fade into invisibility!
Jessica closely misses you.
You are very lightly contaminated with residual magic.
It was a potion of cancellation.
Your magical effects are unravelling.
Your magical contamination has completely faded away.
You feel magically purged.
You flicker back into view.
Jessica hits you but does no damage.
Jessica gestures wildly while chanting.
Jessica blinks!
Jessica gestures wildly while chanting.
Jessica blinks!
The dart slug launches a dart at you. The slug dart hits you!
You die...

,
#########.........
, *
+...............#.
###....######...# ,
.###.##w# * .... ,
, .....##.######
<.. *
...#.......#.. ..
### #.##....#.# .
#.####..#.# * , * #
#......@#.#
#.#####...#.####.#*
, ... #...........
,
####.##.#.#.####..
, +.......#.#.# , *
##....#.# ,
#.####.# , #.### .#
, ##...##.# ,


You could see a dart slug.

Vanquished Creatures
  A dart slug (D:1)
  A giant gecko (D:1)
  A bat (D:1)
  3 giant cockroaches (D:1)
  6 goblins
  3 hobgoblins (D:1)
  4 jackals (D:2)
  2 kobolds (D:1)
  2 giant newts (D:1)
  A rat (D:1)
24 creatures vanquished.

Notes
Turn   | Place    | Note
-------+----------+-------------------------------------------
     0 | D:1      | epen the Draconian Conjurer began the quest for the Orb.
     0 | D:1      | Reached XP level 1. HP: 14/14 MP: 3/3
   179 | D:1      | Reached XP level 2. HP: 9/22 MP: 0/5
  1185 | D:2      | Reached XP level 3. HP: 11/27 MP: 4/6
  1200 | D:2      | Learned a level 3 spell: Dazzling Spray
  1385 | D:2      | Noticed Jessica
  1402 | D:2      | HP: 1/27 [Jessica/nerve-wracking pain (7)]
  1404 | D:2      | Gained mutation: You regenerate slowly when monsters are visible. [potion of mutation]
  1404 | D:2      | Gained mutation: Your muscles are strong. (Str +2) [potion of mutation]
  1404 | D:2      | Gained mutation: You passively map a small area around you. [potion of mutation]
  1414 | D:2      | Killed from afar by a dart slug

Vault maps used:
D:1:      roderic_dead_forest
D:2:      amethyst_overflow_temple_binary, uniq_crazy_yiuf_cottage, uniq_robin,
          uniq_jessica

Skill      XL: |  1  2 |
---------------+-------+-----
Dodging        | 2 |  2.0
Fighting       | |  0.9
Stealth        | |  1.7
Spellcasting   | |  2.5
Conjurations   | |  4.4

Action                   || total
-------------------------++-------
Melee: Unarmed           ||    37
       Tailslap          ||     9
       Dagger            ||    72
 Cast: Magic Dart        ||    15
       Dazzling Spray    ||     1
  Use: Potion            ||     3
 Stab: Sleeping          ||     3
  Eat: Chunk             ||     2
Armor: Skin              ||    29
Dodge: Dodged            ||    76
